 Dungeon Crawl Stone Soup version 0.29-a0-997-gf6f7e2dfe7 (webtiles) character file.

Game seed: 7181824558285633975

74 IdlyInterested the Poker (level 4, -7/33 HPs)
             Began as a Demonspawn Gladiator on Aug 4, 2022.
             Killed by divine providence
             ... invoked by an orc priest
              (13 damage)
             ... on level 4 of the Dungeon.
             The game lasted 00:07:05 (3474 turns).

IdlyInterested the Poker (Demonspawn Gladiator)     Turns: 3474, Time: 00:07:06

Health: -7/33      AC:  5    Str: 16    XL:     4   Next: 10%
Magic:  4/4        EV: 13    Int:  9    God:
Gold:   161        SH:  0    Dex: 21    Spells: 3/3 levels left

rFire   . . .      SeeInvis .   a - +0 trident
rCold   + . .      Faith    .   (no shield)
rNeg    . . .      Spirit   .   m - +1 leather armour {rC+}
rPois   .          Reflect  .   c - +0 helmet
rElec   .          Harm     .   (no cloak)
rCorr   +          Rampage  .   (no gloves)
Will    .....                   (no boots)
Stlth   ++........              (no amulet)
HPRegen 0.11/turn               b - +6 ring of dexterity
MPRegen 0.09/turn               f - ring of resist corrosion

@: no status effects
A: spiny 1
a: no special abilities


You were on level 4 of the Dungeon.
You visited 1 branch of the dungeon, and saw 4 of its levels.

You collected 161 gold pieces.

Inventory:

Hand Weapons
 a - a +0 trident (weapon)
Missiles
 d - 3 throwing nets
 e - 3 javelins (quivered)
Armour
 c - a +0 helmet (worn)
 l - a +0 chain mail
 m - a +1 leather armour of cold resistance (worn)
Jewellery
 b - a +6 ring of dexterity (left hand)
 f - a ring of resist corrosion (right hand)
Potions
 g - 2 potions of might {unknown}
 h - a potion of brilliance
 i - 3 potions of mutation
 k - a potion of lignification
 n - 2 potions of curing
 o - a potion of flight {unknown}
 q - a potion of cancellation {unknown}


   Skills:
 - Level 2.0 Fighting
 * Level 4.0 Polearms
 - Level 1.7 Throwing
 + Level 1.7 Armour
 - Level 2.6 Dodging


You had 3 spell levels left.
You didn't know any spells.
Your spell library contained the following spells:

 Spells                   Type           Power      Damage    Failure   Level
 Inner Flame              Hex/Fire       0%         N/A       83%         3
 Portal Projectile        Hex/Tloc       0%         N/A       83%         3
 Tukima's Dance           Hex            0%         N/A       83%         3
 Cause Fear               Hex            0%         N/A       99%         4
 Blade Hands              Tmut           0%         N/A       100%        5
 Discord                  Hex            0%         N/A       100%        8


Dungeon Overview and Level Annotations

Branches:
Dungeon (4/15)
 Temple: D:4-7

Altars:
Fedhas


Innate Abilities, Weirdness & Mutations

You are partially covered in sharp spines.


Message History

The orc priest is struck by your spines.
The orc priest barely misses you.
You hit the orc priest but do no damage.
The orc priest is lightly wounded.
A goblin comes into view. It is wielding a +0 club.
The orc wizard gestures at you while chanting.
The magic dart hits you.
The goblin shouts!
You hit the orc priest but do no damage.
The orc priest is lightly wounded.
The orc wizard points at you and mumbles some strange words.
The magic dart hits you. The orc hits you but does no damage.
The orc priest hits you with a +0 whip.
You closely miss the orc priest.
The orc priest is lightly wounded.
The orc priest hits you but does no damage.
The orc wizard closely misses you. The orc closely misses you. x2
You closely miss the orc priest.
The orc priest is lightly wounded.
The orc wizard gestures at you while chanting.
The magic dart hits you. The orc hits you with a +0 club.
The orc barely misses you.
The orc priest is struck by your spines.
The orc priest hits you with a +0 whip.
You hit the orc priest but do no damage.
The orc priest is lightly wounded.
The orc wizard is struck by your spines.
The orc wizard hits you with a +0 dagger.
The orc completely misses you. The orc barely misses you.
The orc priest is struck by your spines.
The orc priest closely misses you.
You hit the orc priest.
The orc priest is severely wounded.
The orc wizard gestures at you while chanting.
The magic dart hits you. The orc is struck by your spines.
The orc hits you but does no damage. The orc hits you with a +0 hand axe.
* * * LOW HITPOINT WARNING * * *
The orc priest invokes the aid of Beogh against you.
Beogh smites you!
You die...

##.#.##..
#.......#
#.#.#.#.#
###.......###
....#.#.#...#
##....g....#
#..#.#o#...#
#...o@o...###
##..o........
###..........
#.........### #
####.#..#....###
#..#
................
#...
####.##.####.###
#..? #.##.####.#
#...
####.........#
....


You could see an orc priest, an orc wizard, 2 orcs and a goblin.

Vanquished Creatures
  2 worms (D:3)
  2 dart slugs (D:2)
  5 orcs (D:3)
  5 bats
  3 endoplasms
  5 giant cockroaches
  4 goblins
  6 hobgoblins
  4 quokkas
  3 ball pythons
  3 frilled lizards
  4 kobolds
  9 rats
  A spectral hobgoblin (D:1)
56 creatures vanquished.

Notes
Turn   | Place    | Note
-------+----------+-------------------------------------------
     0 | D:1      | IdlyInterested the Demonspawn Gladiator began the quest for
                  | the Orb.
     0 | D:1      | Reached XP level 1. HP: 16/16 MP: 1/1
   142 | D:1      | Reached skill level 3 in Polearms
   207 | D:1      | Gained mutation: You are partially covered in sharp spines.
                  | [demonic ancestry]
   207 | D:1      | Reached XP level 2. HP: 22/22 MP: 2/2
   337 | D:1      | Found a faded altar of an unknown god.
   856 | D:2      | Reached skill level 1 in Armour
  1101 | D:2      | Reached XP level 3. HP: 26/27 MP: 3/3
  2529 | D:3      | Found a blossoming altar of Fedhas.
  2636 | D:3      | Reached skill level 4 in Polearms
  2750 | D:3      | Reached XP level 4. HP: 33/33 MP: 4/4
  3285 | D:4      | Noticed a scorpion
  3474 | D:4      | Killed from afar by an orc priest

Illustrated notes

Levels and vault maps discovered:
D:1:      amcnicky_arrival_feature_with_door, layout_basic,
          dreamdust_ecumenical_altar_drowned_temple, minmay_cupped
D:2:      layout_basic, minmay_tiny_reverse_x
D:3:      layout_basic, mainiacjoe_overflow_brackets, minmay_door_square
D:4:      layout_basic, serial_glass, glass_columns_b, glass_columns_b,
          amcnicky_mini_pool_small, grunt_ministairs_9

Skill      XL: |  1  2  3 |
---------------+----------+-----
Polearms       | 3 4 |  4.0
Armour         | 1 |  1.7
Fighting       | |  2.0
Throwing       | |  1.7
Dodging        | |  2.6

Action                   |  1- 3 |  4- 6 || total
-------------------------+-------+-------++-------
Melee: Trident           |   124 |    15 ||   139
       Punch             |     1 |     1 ||     2
  Use: Scroll            |     9 |       ||     9
       Potion            |     1 |       ||     1
 Stab: Sleeping          |     3 |       ||     3
Armor: Ring mail         |    16 |       ||    16
       Chain mail        |    13 |       ||    13
       Leather armour    |    13 |     3 ||    16
Dodge: Dodged            |    59 |    13 ||    72

Table legend: (Time is in decaauts)
 A = Elapsed time spent in this place.
 B = Non-inter-level travel time spent in this place.
 C = Inter-level travel time spent in this place.
 D = Time resting spent in this place.
 E = Time spent auto-exploring this place.
 F = Levels seen in this place.
 G = Mean time per level.
                   A        B        C        D        E       F      G
               +--------+--------+--------+--------+--------+-----+--------+
         Total |   3495 |   2775 |    720 |     76 |   2121 |   4 |  873.8 |
       Dungeon |   3495 |   2775 |    720 |     76 |   2121 |   4 |  873.8 |
               +--------+--------+--------+--------+--------+-----+--------+

Top non-repeatable levels by time:
     D:2: 1337 daAuts
     D:3: 1078 daAuts
     D:1: 1029 daAuts
     D:4: 49 daAuts
